 Dungeon Crawl Stone Soup version 0.26.1-11-gd32895ea62 (webtiles) character file.

Game seed: 9551935431590113969

3593 bnorton916 the Destroyer (level 9, -17/43 (45) HPs)
             Began as a Deep Elf Conjurer on July 10, 2021.
             Was a Follower of Vehumet.
             Killed from afar by Maggie (23 damage)
             ... with a bolt of fire
             ... on level 7 of the Dungeon.
             The game lasted 00:23:57 (10512 turns).

bnorton916 the Destroyer (Deep Elf Conjurer)       Turns: 10512, Time: 00:23:58

HP:   -17/43 (45)   AC:  9    Str:  5      XL:     9   Next: 85%
MP:   7/18          EV: 11    Int: 32      God:    Vehumet [*.....]
Gold: 176           SH:  0    Dex: 12 (13) Spells: 3/17 levels left

rFire    . . .     SeeInvis .   x - +1 dagger (venom)
rCold    . . .     Faith    .   (no shield)
rNeg     . . .     Spirit   .   o - +2 troll leather armour
rPois    .         Reflect  .   (no helmet)
rElec    .         Harm     .   e - +0 cloak
rCorr    .         Rampage  .   (no gloves)
Will     .....                  d - +0 pair of boots
Stlth    ++........             (no amulet)
HPRegen  0.54/turn              v - ring of flight
MPRegen  0.16/turn              s - +6 ring of intelligence

@: lightly drained
A: no striking features
a: Renounce Religion, Evoke Flight


You were on level 7 of the Dungeon.
You worshipped Vehumet.
Vehumet was aware of your devotion.
You visited 2 branches of the dungeon, and saw 8 of its levels.

You collected 281 gold pieces.
You spent 105 gold pieces at shops.

Inventory:

Hand Weapons
 k - a +1 dagger of holy wrath
 l - a +2 dagger of freezing
 w - a +3 dagger
 x - a +1 dagger of venom (weapon)
Armour
 a - a +0 robe
 d - a +0 pair of boots (worn)
 e - a +0 cloak (worn)
 o - a +2 troll leather armour (worn)
Jewellery
 n - an uncursed ring of see invisible
 s - a +6 ring of intelligence (right hand)
 t - an uncursed ring of protection from cold
 v - a ring of flight (left hand)
 G - an uncursed ring of protection from fire
Wands
 y - a wand of acid (4)
 z - a wand of random effects (19)
Scrolls
 c - a scroll of random uselessness {unknown}
 f - a scroll of fear
 g - 4 scrolls of blinking
 i - a scroll of teleportation
 j - 2 scrolls of remove curse
 q - a scroll of magic mapping
 u - 2 scrolls of noise {unknown}
 A - a scroll of amnesia {unknown}
 B - a scroll of immolation {unknown}
 D - 2 scrolls of identify
 F - a scroll of enchant weapon {unknown}
Potions
 b - 2 potions of attraction
 h - 3 potions of brilliance
 m - 3 potions of mutation
 p - a potion of haste
 r - 2 potions of curing
 C - a potion of invisibility
 E - a potion of lignification {unknown}


   Skills:
 - Level 4.0 Armour
 - Level 2.4 Dodging
 - Level 2.4 Stealth
 - Level 4.8 Spellcasting
 + Level 10.7 Conjurations
 - Level 8.4 Hexes
 - Level 7.0 Translocations


You had 3 spell levels left.
You knew the following spells:

 Your Spells              Type           Power        Failure   Level
a - Magic Dart            Conj           100%         1%          1
b - Searing Ray           Conj           100%         1%          2
c - Dazzling Flash        Conj/Hex       100%         1%          3
d - Fulminant Prism       Conj/Hex       31%          1%          4
e - Iskenderun's Mystic   Conj/Tloc      59%          1%          4

Your spell library contained the following spells:

 Spells                   Type           Power        Failure   Level
 Shock                    Conj/Air       100%         1%          1


Dungeon Overview and Level Annotations

Branches:
Dungeon (7/15)             Temple (1/1) D:4

Altars:
Ashenzari
Cheibriados
Dithmenos
Elyvilon
Fedhas
Gozag
Hepliaklqana
Kikubaaqudgha
Makhleb
Nemelex Xobeh
Okawaru
Qazlal
Ru
Sif Muna
Trog
Uskayaw
Vehumet
Wu Jian
Xom
Yredelemnul
Zin
The Shining One

Shops:
D:4 *

Annotations:
D:5 2 transporters, JBAR's ghost, novice GnEn
D:6 Harold
D:7 Maggie


Message History

Confirm with . or Enter, or press ? or * to list all spells.
Aiming: Searing Ray (safe; 1% risk of failure)
Press: ? - help, Shift-Dir - straight line, f/p - Maggie
Aim: Maggie, wielding a +0 scimitar of draining and wearing +1 acid dragon scales (heavily wounded, 17% to evade)
The searing ray hits Maggie!
Maggie is severely wounded. (Press . to maintain the ray.) Maggie mumbles some strange words.
Maggie attempts to bespell you! You resist with some effort.
The searing ray hits Maggie!!
Maggie is almost dead.
Maggie gestures at you while chanting. The bolt of fire hits you!!
* * * LOW HITPOINT WARNING * * *
The searing ray hits Maggie!
Maggie is almost dead.
Maggie casts a spell at you. The bolt of fire hits you!!
Ouch! That really hurt!
You die...

. #.#.#..#...........#.#....
..#.#.#..............+......
......#..#...........#.#.##>
#....................#.#.###
#...............#.#.# #
.######.#.#########...#.#.#
# ........###### #...#.#.# #
.........†...# #...#.#.###
.....#######@# #####......
.#### #@# ###.### #.# #.###
#.# #.... #.# ####### #..
....... ##. ####### .


You could see Maggie.

Vanquished Creatures
  Pikel (D:4)
  Sigmund (D:3)
  Eustachio (D:3)
  Edmund (D:5)
  Menkaure (D:6)
  An orc warrior (D:6)
  Duvessa (D:5)
  An ice beast (D:6)
  3 sky beasts
  4 ogres
  A phantom (D:6)
  A centaur (D:6)
  4 lemures
  A bullfrog (D:6)
  Dowan (D:5)
  A scorpion (D:5)
  2 howler monkeys (D:7)
  A quasit (D:7)
  4 hounds
  6 orc priests
  11 orc wizards
  A centaur skeleton (D:4)
  2 bullfrog skeletons
  An iguana (D:4)
  7 worker ants
  Natasha (thrice) (D:3)
  A hound skeleton (D:5)
  4 gnolls
  9 adders
  4 shadow imps
  4 adder skeletons
  A worm (D:2)
  2 dart slugs
  4 leopard geckos
  19 orcs
  7 giant cockroaches
  10 goblins
  8 hobgoblins
  11 jackals
  13 kobolds
  4 quokkas
  2 ball pythons
  9 bats
  4 frilled lizards
  A jackal skeleton (D:7)
  A leopard gecko skeleton (D:4)
  A quokka skeleton (D:5)
  13 rats
194 creatures vanquished.

Vanquished Creatures (others)
  5 fulminant prisms
  3 plants (D:5)
8 creatures vanquished.

Grand Total: 202 creatures vanquished

Notes
Turn   | Place    | Note
-------+----------+-------------------------------------------
     0 | D:1      | bnorton916 the Deep Elf Conjurer began the quest for the
                  | Orb.
     0 | D:1      | Reached XP level 1. HP: 10/10 MP: 6/6
     4 | D:1      | Noticed an electric eel
     5 | D:1      | Noticed an electric eel
   314 | D:1      | Reached XP level 2. HP: 15/15 MP: 3/8
   823 | D:1      | Reached XP level 3. HP: 19/19 MP: 6/10
   996 | D:1      | Reached skill level 5 in Conjurations
  1229 | D:2      | Learned a level 2 spell: Searing Ray
  1235 | D:1      | Learned a level 3 spell: Dazzling Flash
  1645 | D:2      | Reached XP level 4. HP: 24/24 MP: 7/12
  1700 | D:2      | Found a shadowy altar of Dithmenos.
  1917 | D:2      | Found a hide-covered altar of Uskayaw.
  2251 | D:2      | Reached skill level 1 in Armour
  2404 | D:3      | Learned a level 4 spell: Fulminant Prism
  2569 | D:3      | Noticed Natasha
  2575 | D:3      | Killed Natasha
  2576 | D:3      | Reached XP level 5. HP: 28/28 MP: 7/14
  2661 | D:3      | Noticed Sigmund
  2796 | D:3      | Noticed Natasha
  2798 | D:3      | Killed Natasha
  3051 | D:3      | Found a shimmering altar of Xom.
  3051 | D:3      | Found a shimmering altar of Xom.
  3051 | D:3      | Found a shimmering altar of Xom.
  3087 | D:3      | Found a shimmering altar of Xom.
  3087 | D:3      | Found a shimmering altar of Xom.
  3088 | D:3      | Found a shimmering altar of Xom.
  3234 | D:3      | Noticed Natasha
  3242 | D:3      | Reached XP level 6. HP: 32/32 MP: 5/15
  3244 | D:3      | Killed Natasha
  3413 | D:3      | Learned a level 4 spell: Iskenderun's Mystic Blast
  3461 | D:3      | Found a sparkling altar of Nemelex Xobeh.
  3755 | D:4      | Noticed Eustachio
  3759 | D:4      | Reached skill level 1 in Hexes
  3759 | D:4      | Reached skill level 1 in Translocations
  4048 | D:3      | Killed Eustachio
  4049 | D:3      | Reached skill level 6 in Conjurations
  4049 | D:3      | Reached XP level 7. HP: 31/36 MP: 8/16
  4627 | D:4      | You fall into a shaft and drop 2 floors!
  4817 | D:5      | Entered Level 5 of the Dungeon
  4826 | D:5      | Noticed Edmund
  4837 | D:5      | Killed Edmund
  4866 | D:5      | Reached XP level 8. HP: 41/41 MP: 2/17
  4980 | D:4      | Found Hisiah's General Store.
  5079 | D:4      | Found a staircase to the Ecumenical Temple.
  5081 | D:4      | Noticed Pikel
  5234 | D:5      | Reached skill level 7 in Conjurations
  5234 | D:5      | Reached skill level 5 in Hexes
  5346 | D:4      | Killed Pikel
  5347 | D:4      | Reached skill level 5 in Translocations
  5365 | Temple   | Entered the Ecumenical Temple
  5669 | Temple   | Became a worshipper of Vehumet
  6127 | D:4      | Reached skill level 8 in Conjurations
  6502 | D:4      | Bought a scroll of enchant armour for 105 gold pieces
  6528 | D:4      | Found an ornate altar of the Wu Jian Council.
  6942 | D:5      | Found a transporter.
  6942 | D:5      | Noticed JBAR's ghost (novice GnEn)
  6947 | D:5      | Found a transporter.
  6991 | D:5      | Reached XP level 9. HP: 45/45 MP: 12/18
  6997 | D:5      | Reached * piety under Vehumet
  6997 | D:5      | Offered knowledge of Shock by Vehumet.
  7377 | D:5      | Found a blossoming altar of Fedhas.
  7671 | D:5      | Noticed Duvessa
  7671 | D:5      | Noticed Dowan
  7682 | D:5      | Killed Duvessa
  7683 | D:5      | Killed Dowan
  7893 | D:5      | Found a stormy altar of Qazlal.
  8040 | D:6      | Found a bloodstained altar of Trog.
  8062 | D:6      | Noticed Menkaure
  8067 | D:6      | Killed Menkaure
  8415 | D:6      | Reached skill level 9 in Conjurations
  9385 | D:6      | Reached skill level 10 in Conjurations
  9799 | D:3      | Killed Sigmund
 10077 | D:7      | Noticed Harold
 10126 | D:6      | HP: 2/45 [Harold/harpoon shot (18)]
 10503 | D:7      | Noticed Maggie
 10512 | D:7      | Killed from afar by Maggie

Illustrated notes

Levels and vault maps discovered:
D:1:      arrival_aquarium_b, layout_basic, serial_bayou_ford_a,
          hangedman_decor_lopped, minmay_octomino_j4
D:2:      layout_loops_cross, lemuel_round_altar, old_standard_altar,
          serial_glass, glass_columns_b, glass_columns_b
D:3:      minmay_wonky_spiral, layout_loops_ring, lemuel_doored_altar,
          chequers_serial_rivers_large_a, xom_redecorated, uniq_natasha,
          uniq_sigmund
D:4:      layout_layer_cave, nicolae_overflow_crystal_walls,
          minmay_temple_entry_overgrown, serial_shops, shop,
          hangedman_decor_diamond_cutter, uniq_pikel, uniq_eustachio
D:5:      layout_basic, nicolae_qazlal_eye_of_the_storm, fedhas_ov_isle_minmay,
          gammafunk_ghost_arena, minmay_increasing_density, uniq_edmund,
          uniq_duvessa
D:6:      layout_loops_corners, lightli_temple_of_fire, uniq_menkaure
D:7:      layout_basic, serial_shops, nicolae_shop_overgrown_old_shop,
          uniq_maggie, uniq_harold
Temple:   regret_index_temple_generic_petals

Skill      XL: |  1  2  3  4  5  6  7  8  9 |
---------------+----------------------------+-----
Spellcasting   | 4 |  4.8
Conjurations   | 5 6 8 10 | 10.7
Armour         | 1 3 4 |  4.0
Hexes          | 3 4 7 8 |  8.4
Translocations | 2 3 6 7 |  7.0
Dodging        | |  2.4
Stealth        | |  2.4

Action                   |  1- 3 |  4- 6 |  7- 9 || total
-------------------------+-------+-------+-------++-------
Melee: Dagger            |       |     3 |    33 ||    36
 Cast: Magic Dart        |    74 |    75 |   171 ||   320
       Searing Ray       |     2 |    12 |    38 ||    52
       Fulminant Prism   |       |       |     5 ||     5
       Iskenderun's Myst |       |       |     9 ||     9
       Dazzling Flash    |       |       |     1 ||     1
  Use: Potion            |       |     2 |     1 ||     3
       Scroll            |       |     1 |    15 ||    16
 Stab: Sleeping          |       |     1 |     3 ||     4
Armor: Robe              |     6 |     2 |       ||     8
       Troll leather arm |       |     5 |    74 ||    79
Dodge: Dodged            |    22 |    21 |   105 ||   148
